 Dungeon Crawl Stone Soup version 0.29.1-1-gd02db6906a (webtiles) character file.

Game seed: 8328449939563302754

56 Kahsius the Ruffian (level 3, -4/30 HPs)
             Began as a Draconian Transmuter on Sept 21, 2022.
             Slain by a gnoll
             ... wielding a +0 spear
              (5 damage)
             ... on level 2 of the Dungeon.
             The game lasted 00:02:41 (1571 turns).

Kahsius the Ruffian (Draconian Transmuter)          Turns: 1571, Time: 00:02:41

Health: -4/30      AC:  6    Str: 14    XL:     3   Next: 71%
Magic:  6/6        EV: 12    Int: 13    God:
Gold:   129        SH:  0    Dex: 11    Spells: 3/6 levels left

rFire   . . .      SeeInvis .     - Unarmed
rCold   . . .      Faith    .   (no shield)
rNeg    . . .      Spirit   .   (body armour unavailable)
rPois   .          Reflect  .   i - +1 hat
rElec   .          Harm     .   (no cloak)
rCorr   .          Rampage  .   (no gloves)
Will    .....                   (no boots)
Stlth   +.........              (no amulet)
HPRegen 0.10/turn               (no ring)
MPRegen 0.10/turn               (no ring)

@: attractive
A: AC +5, unfitting armour, cold-blooded
a: no special abilities


You were on level 2 of the Dungeon.
You visited 1 branch of the dungeon, and saw 2 of its levels.

You collected 129 gold pieces.

Inventory:

Missiles
 c - 2 curare-tipped darts
Armour
 i - a +1 hat (worn)
Scrolls
 b - a scroll of blinking {unknown}
 d - a scroll of vulnerability {unknown}
 f - a scroll of enchant armour {unknown}
 g - a scroll of noise {unknown}
 h - a scroll of fog {unknown}
 j - a scroll of enchant weapon {unknown}
Potions
 a - a potion of lignification


   Skills:
 + Level 2.4 Fighting
 - Level 1.7 Dodging
 + Level 3.6 Unarmed Combat
 - Level 2.0 Spellcasting
 + Level 2.8 Transmutations


You had 3 spell levels left.
You knew the following spells:

 Your Spells              Type           Power      Damage    Failure   Level
a - Beastly Appendage     Tmut           16%        N/A       9%          1
b - Wereblood             Tmut           8%         N/A       12%         2

Your spell library contained the following spells:

 Spells                   Type           Power      Damage    Failure   Level
 Spider Form              Tmut/Pois      4%         N/A       41%         3
 Ice Form                 Ice/Tmut       4%         N/A       82%         4


Dungeon Overview and Level Annotations

Branches:
Dungeon (2/15)

Altars:

Annotations:
D:2 Sigmund


Innate Abilities, Weirdness & Mutations

Your plain brown scales are hard. (AC +5)
You cannot fit into any form of body armour.
You are cold-blooded and may be slowed by cold attacks.


Message History

The gnoll closely misses you. The gnoll barely misses you.
You barely miss the gnoll.
Your tail-slap misses the gnoll.
You punch the gnoll, but do no damage.
The gnoll is almost dead.
The gnoll barely misses you.
The gnoll hits you from afar with a +0 spear.
You hit the gnoll but do no damage.
The gnoll is almost dead.
The gnoll barely misses you.
A gnoll comes into view. It is wielding a +0 club.
The gnoll hits you with a +0 club.
You closely miss the gnoll.
The gnoll shouts!
You claw the gnoll, but do no damage. You headbutt the gnoll.
You kill the gnoll!
The gnoll hits you but does no damage.
The gnoll hits you from afar with a +0 halberd!
You see here a +0 club.
You punch the gnoll! Your kick misses the gnoll.
The gnoll is heavily wounded.
The gnoll hits you from afar with a +0 halberd.
The gnoll hits you with a +0 club.
The gnoll hits you from afar with a +0 spear.
* * * LOW HITPOINT WARNING * * *
You hit the gnoll. Your kick misses the gnoll.
The gnoll is severely wounded.
The gnoll hits you from afar with a +0 spear.
* * * LOW HITPOINT WARNING * * *
The gnoll misses you. The gnoll hits you but does no damage.
You hit the gnoll.
You kill the gnoll!
The gnoll hits you with a +0 spear.
* * * LOW HITPOINT WARNING * * *
The gnoll closely misses you.
You see here a +0 club.
It was a potion of attraction.
You feel attractive to monsters.
Your horns disappear.
Your talons disappear.
Your +1 hat unmelds from your body.
The gnoll misses you. The gnoll hits you with a +0 spear.
You die...

#..............#......#
#...##########.#...####
##### #.#####.....#
#.........#.# ##
#.##........# ...
#.##.####.### ...g
#.##.# #.# ...!. #)##.#
#.# ......#@##.# #..
......gg...# ##.
......#.#### ..
####..#.# ## ... ..#
##.# ### .. .#


You could see 2 gnolls.

Vanquished Creatures
  2 gnolls (D:2)
  An adder (D:2)
  A dart slug (D:1)
  A giant cockroach (D:1)
  A goblin (D:1)
  3 hobgoblins
  5 jackals (D:1)
  A kobold (D:1)
  A quokka (D:2)
  4 ball pythons (D:1)
  A bat (D:1)
  4 rats
25 creatures vanquished.

Notes
Turn   | Place    | Note
-------+----------+-------------------------------------------
     0 | D:1      | Kahsius the Draconian Transmuter began the quest for the
                  | Orb.
     0 | D:1      | Reached XP level 1. HP: 16/16 MP: 3/3
   257 | D:1      | Reached XP level 2. HP: 19/23 MP: 3/5
  1117 | D:2      | Reached XP level 3. HP: 22/29 MP: 4/6
  1120 | D:2      | Learned a level 2 spell: Wereblood
  1402 | D:2      | Noticed Sigmund
  1570 | D:2      | HP: 1/30 [gnoll/+0 spear (1)]
  1571 | D:2      | Slain by a gnoll

Illustrated notes

Levels and vault maps discovered:
D:1:      minmay_arrival_cross, layout_basic, grunt_decor_resistance
D:2:      layout_basic, serial_curves, eino_curves_01, eino_curves_03,
          amcnicky_mini_pool_small, hangedman_decor_riveting,
          roderic_serpentine_path, uniq_sigmund, uniq_robin

Skill      XL: |  1  2 |
---------------+-------+-----
Fighting       | 2 |  2.4
Dodging        | |  1.7
Unarmed Combat | |  3.6
Spellcasting   | |  2.0
Transmutations | |  2.8

Action                   || total
-------------------------++-------
Melee: Unarmed           ||    75
       Kick              ||    14
       Headbutt          ||     9
       Tailslap          ||     7
       Punch             ||     2
 Cast: Beastly Appendage ||    17
  Use: Potion            ||     1
 Stab: Sleeping          ||     2
Armor: Skin              ||    32
Dodge: Dodged            ||    55
